 Dungeon Crawl Stone Soup version 0.23-a0-413-g57a8110 (webtiles) character file.

262 tatocazan the Sneak (level 6, -6/43 HPs)
             Began as an Octopode Fighter on Nov 8, 2018.
             Mangled by a gnoll
             ... wielding a +0 spear
              (12 damage)
             ... on level 4 of the Dungeon.
             The game lasted 00:04:47 (4625 turns).

tatocazan the Sneak (Octopode Fighter)              Turns: 4625, Time: 00:04:48

Health: -6/43      AC:  1    Str: 15    XL:     6   Next: 18%
Magic:  6/6        EV: 12    Int: 10    God:
Gold:   216        SH:  9    Dex: 14    Spells: 5/5 levels left

rFire    . . .     SeeInvis .   a - +0 long sword
rCold    . . .     Gourm    .   b - +0 shield
rNeg     . . .     Faith    .   (helmet restricted)
rPois    .         Spirit   .   (no amulet)
rElec    .         Reflect  .   (no ring)
rCorr    .         Harm     .   (no ring)
MR       .....                  (no ring)
Stlth    ++++......             (no ring)
HPRegen  0.14/turn              (no ring)
MPRegen  0.10/turn              (no ring)
                                (no ring)
                                (no ring)

@: no status effects
A: almost no armour, stealthy swim, amphibious, 8 rings, constrict 8, camouflage
1, gelatinous body 1
a: no special abilities


You were on level 4 of the Dungeon.
You were not hungry.

You visited 1 branch of the dungeon, and saw 4 of its levels.

You collected 216 gold pieces.

Inventory:

Hand Weapons
 a - a +0 long sword (weapon)
Armour
 b - a +0 shield (worn)
Scrolls
 e - a scroll of magic mapping {unknown}
 f - 2 scrolls of enchant armour {unknown}
 i - a scroll of identify {unknown}
 k - a scroll of remove curse {unknown}
 l - a scroll of teleportation {unknown}
 n - a scroll of fear {unknown}
 r - a scroll of random uselessness {unknown}
Potions
 c - 2 potions of might
 g - 2 potions of degeneration {unknown}
 h - 2 potions of magic {unknown}
 j - 2 potions of haste {unknown}
 m - a potion of brilliance {unknown}
 o - a potion of curing {unknown}
 p - a potion of lignification {unknown}
 s - a potion of flight {unknown}
Comestibles
 d - 2 rations
 q - 16 chunks of flesh


   Skills:
 + Level 3.7 Fighting
 * Level 3.9 Long Blades
 + Level 3.8 Dodging
 * Level 4.7 Stealth
 - Level 3.1 Shields


You had 5 spell levels left.
You didn't know any spells.
Your spell library contained the following spells:

 Spells                   Type           Power        Failure   Level  Hunger
 Animate Skeleton         Necr           N/A          87%         1    ##.....
 Pain                     Necr           #...         87%         1    ##.....
 Regeneration             Chrm/Necr      #.........   99%         3    ####...
 Vampiric Draining        Necr           #.........   99%         3    ####...
 Animate Dead             Necr           N/A          100%        4    #####..


Dungeon Overview and Level Annotations

Branches:
Dungeon (4/15)
 Temple: D:4-7

Altars:
Makhleb
Wu Jian

Shops:
D:4 ?


Innate Abilities, Weirdness & Mutations

You cannot wear most types of armour.
You are very stealthy in the water. (Stealth+)
You are amphibious.
You can wear up to eight rings at the same time.
You can use your tentacles to constrict eight enemies at once.
Your skin changes colour to match your surroundings (Stealth+).
Your rubbery body absorbs attacks. (AC +1, EV +1)


Message History

The gnoll hits you but does no damage. You block the gnoll's attack.
You hit the gnoll but do no damage. Your grab misses the gnoll.
The gnoll hits you with a +0 whip. The gnoll misses you. x2
You take 6 damage, and have 37/43 hp.
You completely miss the gnoll. Your grab misses the gnoll.
You squeeze the gnoll.
The gnoll is lightly wounded.
The gnoll hits you from afar with a +0 spear.
The gnoll barely misses you.
The gnoll hits you from afar with a +0 spear!
You take 12 damage, and have 25/43 hp.
MASSIVE DAMAGE!!
You hit the gnoll but do no damage. Your grab misses the gnoll.
The gnoll is lightly wounded.
The gnoll hits you with a +0 whip! The gnoll closely misses you.
The gnoll hits you from afar with a +0 spear!
* * * LOW HITPOINT WARNING * * *
You take 19 damage, and have 6/43 hp.
MASSIVE DAMAGE!!
The gnoll closely misses you.
The gnoll hits you from afar with a +0 spear!
You die...

## #. #.# #..
##.#########.#
#..g@.<......#
#...#######..(
#...gg.
#.......
#....<..#
###...###
#.?.# ##...


You could see 3 gnolls.

Vanquished Creatures
  A hound (D:2)
  An orc wizard (D:3)
  4 gnolls
  6 adders
  An ooze (D:3)
  3 worms
  3 dart slugs
  3 leopard geckos
  11 orcs (D:3)
  5 giant cockroaches
  10 hobgoblins
  A quokka (D:2)
  11 bats
  5 frilled lizards
  6 goblins
  12 kobolds
  11 rats
94 creatures vanquished.

Notes
Turn   | Place    | Note
-------+----------+-------------------------------------------
     0 | D:1      | tatocazan the Octopode Fighter began the quest for the Orb.
     0 | D:1      | Reached XP level 1. HP: 16/16 MP: 1/1
    73 | D:1      | Reached XP level 2. HP: 7/21 MP: 2/2
   437 | D:1      | Reached skill level 1 in Stealth
   721 | D:1      | Reached XP level 3. HP: 21/26 MP: 3/3
  1019 | D:2      | Reached skill level 2 in Stealth
  1215 | D:2      | Reached XP level 4. HP: 24/31 MP: 4/4
  1487 | D:2      | Reached skill level 3 in Stealth
  1739 | D:2      | Found a burning altar of Makhleb.
  2200 | D:2      | Reached XP level 5. HP: 33/36 MP: 5/5
  2294 | D:2      | Found an ornate altar of the Wu Jian Council.
  3353 | D:3      | Reached skill level 4 in Stealth
  4168 | D:3      | Reached XP level 6. HP: 37/43 MP: 6/6
  4618 | D:4      | Found Sokuaz's Magic Scroll Emporium.
  4625 | D:4      | Mangled by a gnoll

Vault maps used:
D:1:      lemuel_arrival_muddy
D:2:      lemuel_coloured_pillars_altar, grunt_ministairs_10,
          makhleb_blood_cavern_becter
D:4:      marbit_many_paths, nicolae_overflow_hidden_temple, serial_shops,
          kennysheep_mini_moat, nicolae_shop_statue_plus, shop, kennysheep_mini,
          first_ration, portal_sewer_entry_e, uniq_menkaure, uniq_pikel,
          uniq_blork_the_orc, uniq_grinder

Skill      XL: |  1  2  3  4  5 |
---------------+----------------+-----
Stealth        | 1 2 3 4 |  4.7
Long Blades    | 3 |  3.9
Fighting       | |  3.7
Dodging        | |  3.8
Shields        | |  3.1

Action                   |  1- 3 |  4- 6 || total
-------------------------+-------+-------++-------
Melee: Long sword        |    66 |   104 ||   170
       Constrict         |    22 |    29 ||    51
       Tentacles         |     8 |    26 ||    34
 Stab: Sleeping          |     6 |     9 ||    15
       Distracted        |     1 |       ||     1
  Eat: Chunk             |     1 |     7 ||     8
       Ration            |       |     1 ||     1
Armor: Skin              |     7 |     3 ||    10
Dodge: Dodged            |    40 |    51 ||    91
Block: Shield            |    41 |    47 ||    88
       Rpst.: Long sword |    14 |    12 ||    26

Table legend:
 A = Non-vault XP
 B = Vault XP
 C = Vault XP percentage of total XP
 D = Non-vault monster count
 E = Vault monster count
 F = Vault count percentage of total count
                 A         B        C        D         E       F
            +---------+---------+-------+---------+---------+-------
      Total |     329 |      46 |  12.3 |      91 |       3 |   3.2
            +---------+---------+-------+---------+---------+-------
        D:1 |      40 |       0 |   0.0 |      26 |       0 |   0.0
        D:2 |     101 |      46 |  31.3 |      27 |       3 |  10.0
        D:3 |     188 |       0 |   0.0 |      38 |       0 |   0.0
            +---------+---------+-------+---------+---------+-------
